 Dungeon Crawl Stone Soup version 0.17.0-24-gcfadda4 (console) character file.

33 Kloppie the Caller (level 3, -2/19 HPs)
             Began as a Tengu Summoner on Nov 17, 2015.
             Slain by a kobold
             ... wielding a +0 whip
              (3 damage)
             ... on level 2 of the Dungeon.
             The game lasted 00:03:25 (1227 turns).

Kloppie the Caller (Tengu Summoner)                 Turns: 1227, Time: 00:03:25

Health: -2/19      AC:  2    Str:  8    XL:     3   Next: 29%
Magic:  6/7        EV: 13    Int: 16    God:
Gold:   47         SH:  0    Dex: 14    Spells: 3 memorised, 0 levels left

rFire  . . .     SeeInvis .     l - +0 short sword
rCold  . . .     Clarity  .     a - +0 robe
rNeg   . . .     SustAt   .     (no shield)
rPois  .         Gourm    .     (helmet restricted)
rElec  .         Spirit   .     (no cloak)
rCorr  .         Warding  .     (no gloves)
rMut   .         Stasis   .     (boots unavailable)
MR     .....                    (no amulet)
Stlth  ++........               (no ring)
                                (no ring)

@: not resistant to hostile enchantments, unstealthy
A: beak, talons 3
a: no special abilities


You were on level 2 of the Dungeon.
You were not hungry.

You visited 1 branch of the dungeon, and saw 2 of its levels.

You collected 47 gold pieces.

Inventory:

Hand Weapons
 l - a +0 short sword (weapon)
Armour
 a - a +0 robe (worn)
Jewellery
 m - an uncursed ring of protection from magic {unknown}
Scrolls
 d - a scroll of fear {unknown}
 g - 4 scrolls of identify {unknown}
 i - a scroll of recharging {unknown}
 k - 8 scrolls of remove curse {unknown}
Potions
 e - 2 potions of curing {unknown}
 f - a potion of brilliance {unknown}
 h - a potion of flight {unknown}
 j - a potion of cancellation {unknown}
Books
 b - a book of Callings

   Spells                             Type                      Level
   a - Summon Small Mammal            Summoning                    1
   b - Call Imp                       Summoning                    2
   c - Call Canine Familiar           Summoning                    3
   d - Summon Guardian Golem          Hexes/Summoning              3
   e - Summon Lightning Spire         Summoning/Air                4
   f - Summon Ice Beast               Ice/Summoning                4
Comestibles
 c - 2 bread rations


   Skills:
 + Level 3.1 Dodging
 - Level 2.0 Stealth
 - Level 2.0 Spellcasting
 + Level 5.5 Summonings


You couldn't memorise any spells.
You knew the following spells:

 Your Spells              Type           Power        Failure   Level  Hunger
a - Summon Small Mammal   Summ           ###.         1%          1    #......
b - Call Imp              Summ           ###.....     3%          2    ###....
c - Call Canine Familiar  Summ           ###.....     8%          3    ###....


Dungeon Overview and Level Annotations

Branches:
Dungeon (2/15)

Altars:


Innate Abilities, Weirdness & Mutations

You have a beak for a mouth.
You have claws for feet.


Message History

The kobold hits you with a whip.
* * * LOW HITPOINT WARNING * * *
You are too injured to fight recklessly!
You hit the kobold. Your peck misses the kobold.
The kobold is almost dead.
The kobold hits you with a whip.
* * * LOW HITPOINT WARNING * * *
You barely miss the kobold. Your peck misses the kobold.
The kobold is almost dead.
The kobold closely misses you.
You closely miss the kobold.
The kobold is severely wounded.
The kobold hits you with a whip.
* * * LOW HITPOINT WARNING * * *
You see here a stone.
There is an open door here.
Casting: Summon Small Mammal
Confirm with . or Enter, or press ? or * to list all spells.
The kobold hits you with a whip.
You die...

### ..# #.# . #.# .#
#.# ###..# #.###...#
##.....# #.@....######
+##########K..##......
#......(...#r..#...#
#.....(§...#.......#
#.§§≈≈≈§...#<[..##.##
#?§≈≈≈§≈≈..#....##..##
#.§§§##≈≈..#....###..##
#..≈≈##≈≈..#....#
##>.#######
#..§§≈≈≈≈..#...##
#...##....


You could see a kobold and a friendly rat.

Vanquished Creatures
  An adder (D:1)
  A giant gecko (D:1)
  A goblin (D:1)
  3 hobgoblins (D:1)
  3 kobolds (D:1)
  A bat (D:1)
  2 giant cockroaches (D:1)
  3 giant newts (D:1)
  A jackal (D:1)
  A rat (D:1)
17 creatures vanquished.

Vanquished Creatures (collateral kills)
  A giant gecko (D:1)
  2 goblins (D:1)
  A hobgoblin (D:2)
  2 kobolds (D:1)
  A ball python (D:1)
  A bat (D:1)
  2 giant newts
  A rat (D:1)
11 creatures vanquished.

Grand Total: 28 creatures vanquished

Notes
Turn   | Place    | Note
--------------------------------------------------------------
     0 | D:1      | Kloppie the Tengu Summoner began the quest for the Orb.
     0 | D:1      | Reached XP level 1. HP: 10/10 MP: 4/4
   135 | D:1      | Reached skill level 5 in Summonings
   233 | D:1      | Reached XP level 2. HP: 15/15 MP: 3/6
   859 | D:1      | Reached XP level 3. HP: 8/19 MP: 3/7
  1124 | D:2      | Learned a level 2 spell: Call Imp
  1128 | D:2      | Learned a level 3 spell: Call Canine Familiar
  1227 | D:2      | Slain by a kobold

Action                   || total
-------------------------++-------
Melee: Unarmed           ||     6
       Whip              ||    25
       Short sword       ||    20
 Cast: Summon Small Mamm ||    22
 Stab: Sleeping          ||     2
  Eat: Chunk             ||     1
